 Dungeon Crawl Stone Soup version 0.17.1-3-g152610e (webtiles) character file.

1507 Zhenya25pyc the Charlatan (level 8, -1/66 HPs)
             Began as a Hill Orc Fighter on Mar 30, 2016.
             Was an Initiate of Okawaru.
             Slain by a polar bear (4 damage)
             ... created by the rage of Trog
             ... on level 6 of the Dungeon.
             The game lasted 01:22:17 (8064 turns).

Zhenya25pyc the Charlatan (Hill Orc Fighter)        Turns: 8064, Time: 01:22:19

Health: -1/66      AC: 15    Str: 20 (21) XL:     8   Next: 82%
Magic:  13/13      EV:  3    Int:  8      God:    Okawaru [......]
Gold:   224        SH:  9    Dex: 10      Spells: 0 memorised, 12 levels left

rFire  + . .     SeeInvis .     K - +2 mace (holy)
rCold  . . .     Clarity  .     J - +0 plate armour
rNeg   . . .     SustAt   .     c - +0 shield
rPois  .         Gourm    .     (no helmet)
rElec  .         Spirit   .     z - +1 cloak {+Inv}
rCorr  .         Warding  .     (no gloves)
rMut   .         Stasis   .     q - +1 pair of boots
MR     .....                    (no amulet)
Stlth  ..........               B - ring of wizardry
                                e - ring of protection from fire

@: not resistant to hostile enchantments, extremely unstealthy
A: no striking features
a: Renounce Religion, Evoke Invisibility


You were on level 6 of the Dungeon.
You worshipped Okawaru.
Okawaru was noncommittal.
You were not hungry.

You visited 2 branches of the dungeon, and saw 7 of its levels.

You collected 224 gold pieces.

Inventory:

Hand Weapons
 n - a +6 short sword of electrocution
 D - a +0 giant club
 K - a +2 mace of holy wrath (weapon)
Missiles
 f - 12 bolts of frost (quivered)
 h - 45 sling bullets
 k - 10 bolts of penetration
 y - 75 arrows
 C - 25 bolts
 E - 33 poisoned needles
Armour
 c - a +0 shield (worn)
 q - a +1 pair of boots (worn)
 v - a +1 chain mail of fire resistance
 z - a +1 cloak of invisibility (worn)
 J - a +0 plate armour (worn)
Jewellery
 e - a ring of protection from fire (left hand)
 B - a ring of wizardry (right hand)
Wands
 t - a wand of fire (9)
 G - a wand of flame (34)
Scrolls
 a - a scroll of teleportation
 o - a scroll of remove curse
 p - a scroll of recharging
 s - 2 scrolls of identify
 w - a scroll of fog
 H - a scroll of enchant armour {unknown}
Potions
 g - a potion of ambrosia {unknown}
 j - 3 potions of flight {unknown}
 m - 2 potions of degeneration {unknown}
 x - 2 potions of curing {unknown}
 A - a potion of brilliance {unknown}
 F - a potion of cancellation
Books
 u - a Young Poisoner's Handbook

   Spells                             Type                      Level
   a - Sting                          Conjuration/Poison           1
   b - Cure Poison                    Poison                       2
   c - Mephitic Cloud                 Conjuration/Poison/Air       3
   d - Olgreb's Toxic Radiance        Poison                       4
   e - Venom Bolt                     Conjuration/Poison           5
Comestibles
 i - a bread ration


   Skills:
 - Level 3.9 Fighting
   Level 2.8(3.2) Axes
 + Level 2.0(2.5) Maces & Flails
 + Level 3.1 Throwing
 - Level 3.5 Armour
 - Level 3.4 Shields
 + Level 3.7 Unarmed Combat
 - Level 2.5 Spellcasting
 + Level 7.9 Evocations


You had 12 spell levels left.
You didn't know any spells.

Dungeon Overview and Level Annotations

Branches:
Dungeon (6/15)             Temple (1/1) D:6

Altars:
Ashenzari
Cheibriados
Dithmenos
Elyvilon
Gozag
Makhleb
Nemelex Xobeh
Okawaru
Qazlal
Ru
Sif Muna
Trog
Vehumet
Xom
Yredelemnul
The Shining One

Shops:
D:4 *


Message History

You block the polar bear's attack. The polar bear claws you.
The polar bear claws you but does no damage.
You block the ice beast's attack. You block the polar bear's attack.
The polar bear claws you but does no damage.
The polar bear claws you.
The polar bear bites you but does no damage.
The polar bear claws you but does no damage. x2
You hit the ice beast.
The ice beast is almost dead.
You block the polar bear's attack. x2
The polar bear claws you but does no damage.
The polar bear bites you!!
* * * LOW HITPOINT WARNING * * *
The polar bear claws you but does no damage.
The polar bear claws you.
* * * LOW HITPOINT WARNING * * *
The ice beast hits you but does no damage.
The polar bear rages.
You block the polar bear's attack. The polar bear claws you.
You die...

### #####.....
#h@Y......
###h###≈###.
##.hh# ≈#.#
#..###.#≈#.###
#......#≈#...
#..###.#≈#.###.
#....# #≈#. ...
#....###≈###.#
##.#.........#


You could see 4 polar bears and an ice beast.

Vanquished Creatures
  The ghost of Gargoyl the Skirmisher, an amateur DsAK of Lugonu (D:4)
  A water moccasin (D:4)
  A phantom (D:4)
  An orc warrior (D:6)
  An ice beast (D:6)
  An ogre (D:6)
  A black bear (D:6)
  The ghost of misterx1212 the Skirmisher, an amateur OpBe of Trog (D:3)
  An orc priest (D:6)
  2 giant frog skeletons
  A jelly (D:5)
  2 crimson imps (D:5)
  Crazy Yiuf (D:3)
  2 hounds
  4 orc wizards (D:5)
  Terence (D:3)
  5 worker ants
  A gnoll (D:1)
  9 adders
  A shadow imp (D:5)
  An ooze (D:1)
  2 worms
  An adder skeleton (D:4)
  3 giant geckos
  8 orcs
  6 ball pythons
  15 bats
  5 giant cockroaches
  8 goblins
  6 hobgoblins
  14 jackals
  11 kobolds
  A quokka (D:5)
  A giant gecko zombie (D:6)
  5 giant newts
  A jackal skeleton (D:5)
  10 rats
  2 bushes (D:6)
  2 fungi (D:3)
  2 plants (D:6)
142 creatures vanquished.

Notes
Turn   | Place    | Note
--------------------------------------------------------------
     0 | D:1      | Zhenya25pyc the Hill Orc Fighter began the quest for the Orb.
     0 | D:1      | Reached XP level 1. HP: 19/19 MP: 1/1
   183 | D:1      | Reached XP level 2. HP: 24/27 MP: 2/2
   632 | D:1      | Reached XP level 3. HP: 33/33 MP: 3/3
  1184 | D:1      | Reached skill level 1 in Throwing
  1184 | D:1      | Reached skill level 1 in Unarmed Combat
  1678 | D:2      | Reached XP level 4. HP: 36/40 MP: 5/5
  1686 | D:2      | Reached skill level 1 in Spellcasting
  2852 | D:3      | Reached XP level 5. HP: 24/46 MP: 7/7
  2987 | D:3      | Noticed Terence
  3013 | D:3      | Killed Terence
  3013 | D:3      | Reached skill level 1 in Evocations
  3049 | D:3      | You fall through a shaft!
  3060 | D:4      | Noticed Gargoyl's ghost (amateur DsAK)
  3425 | D:4      | Found Wuharet's Serpentskin Sales.
  3425 | D:4      | Noticed a water moccasin
  3429 | D:4      | Reached XP level 6. HP: 50/52 MP: 8/8
  3442 | D:4      | Killed a water moccasin
  3442 | D:4      | Reached skill level 1 in Maces & Flails
  4007 | D:4      | Killed Gargoyl's ghost
  4007 | D:4      | Reached XP level 7. HP: 41/58 MP: 10/10
  4558 | D:3      | Noticed misterx1212's ghost (amateur OpBe)
  4575 | D:3      | Killed misterx1212's ghost
  4595 | D:3      | Noticed Crazy Yiuf
  4600 | D:3      | Killed Crazy Yiuf
  5380 | D:4      | Noticed a phantom
  5393 | D:4      | Killed a phantom
  5393 | D:4      | Reached skill level 4 in Evocations
  5429 | D:5      | Entered Level 5 of the Dungeon
  5891 | D:5      | Reached skill level 5 in Evocations
  5891 | D:5      | Reached XP level 8. HP: 66/66 MP: 11/11
  6579 | D:5      | Reached skill level 6 in Evocations
  6810 | D:5      | Found a bloodstained altar of Trog.
  6822 | D:5      | Became a worshipper of Trog the Wrathful
  7099 | D:6      | Found a shattered altar of Ashenzari.
  7099 | D:6      | Found a shimmering altar of Xom.
  7102 | D:6      | Found a sparkling altar of Nemelex Xobeh.
  7255 | D:6      | Found a staircase to the Ecumenical Temple.
  7319 | Temple   | Entered the Ecumenical Temple
  7496 | Temple   | Fell from the grace of Trog
  7496 | Temple   | Became a worshipper of Warmaster Okawaru
  7597 | D:6      | Reached skill level 7 in Evocations
  8061 | D:6      | Noticed a polar bear
  8061 | D:6      | Noticed a polar bear
  8061 | D:6      | Noticed a polar bear
  8061 | D:6      | Noticed a polar bear
  8064 | D:6      | HP: 3/66 [polar bear[the rage of Trog] (2)]
  8064 | D:6      | Slain by a polar bear

Action                   |  1- 3 |  4- 6 |  7- 9 || total
-------------------------+-------+-------+-------++-------
Melee: War axe           |    53 |       |       ||    53
       Dagger            |    52 |   205 |       ||   257
       Short sword       |       |    53 |   265 ||   318
       Mace              |       |       |    17 ||    17
 Abil: Evoke Invisibilit |       |       |     1 ||     1
Evoke: Wand              |       |       |     4 ||     4
  Use: Potion            |       |     1 |     2 ||     3
       Scroll            |       |       |     9 ||     9
  Eat: Bread ration      |     2 |       |       ||     2
       Meat ration       |       |     2 |       ||     2
       Fruit             |       |       |     8 ||     8
       Beef jerky        |       |       |     1 ||     1
